 Dungeon Crawl Stone Soup version 0.26-a0-752-gcff87cac9a (webtiles) character file.

Game seed: 2443655268910097616

177 Expote the Chopper (level 5, -1/47 HPs)
             Began as a Hill Orc Monk on Nov 6, 2020.
             Succumbed to a scorpion's poison
             ... on level 4 of the Dungeon.
             The game lasted 00:36:24 (4221 turns).

Expote the Chopper (Hill Orc Monk)                  Turns: 4221, Time: 00:36:25

Health: -1/47      AC:  8    Str: 15    XL:     5   Next: 57%
Magic:  5/5        EV:  7    Int: 10    God:
Gold:   131        SH:  0    Dex: 13    Spells: 4/4 levels left

rFire    . . .     SeeInvis .   k - +0 hand axe
rCold    . . .     Faith    .   (no shield)
rNeg     . . .     Spirit   .   s - +0 chain mail
rPois    .         Reflect  .   (no helmet)
rElec    .         Harm     .   (no cloak)
rCorr    .         Rampage  .   (no gloves)
MR       .....                  (no boots)
Stlth    ..........             (no amulet)
HPRegen  0.15/turn              (no ring)
MPRegen  0.09/turn              (no ring)

@: lethally poisoned (-1 -> -15)
A: no striking features
a: no special abilities


You were on level 4 of the Dungeon.
You visited 1 branch of the dungeon, and saw 4 of its levels.

You collected 131 gold pieces.

Inventory:

Hand Weapons
 a - a +0 hand axe
 k - a +0 hand axe (weapon)
Missiles
 m - 8 javelins (quivered)
Armour
 r - the +4 ring mail "Ymijatt" {rPois rCorr, unknown}
   (You found it on level 3 of the Dungeon)

   It protects you from poison.
   It provides partial protection from all sources of acid and corrosion.
 s - a +0 chain mail (worn)
Scrolls
 e - a scroll of remove curse {unknown}
 f - a scroll of amnesia {unknown}
 g - a scroll of fear {unknown}
 h - 8 scrolls of identify {unknown}
 i - a scroll of immolation {unknown}
 j - 4 scrolls of teleportation {unknown}
 n - a scroll of blinking {unknown}
 p - a scroll of enchant weapon {unknown}
Potions
 b - a potion of mutation {unknown}
 c - 2 potions of magic {unknown}
 l - a potion of curing {unknown}
 o - a potion of heal wounds {unknown}
 q - a potion of attraction {unknown}


   Skills:
 + Level 4.4 Fighting
 + Level 5.7 Axes
 + Level 2.1 Armour
 + Level 3.0 Dodging
 + Level 2.1 Stealth


You had 4 spell levels left.
You didn't know any spells.
Your spell library contained the following spells:

 Spells                   Type           Power        Failure   Level
 Corona                   Hex            #......      100%        1
 Ensorcelled Hibernation  Hex/Ice        #.....       100%        2
 Confusing Touch          Hex            #.......     100%        3
 Dazzling Flash           Conj/Hex       #.....       100%        3
 Tukima's Dance           Hex            #.......     100%        3


Dungeon Overview and Level Annotations

Branches:
Dungeon (4/15)
 Temple: D:4-7

Altars:
Nemelex Xobeh
Trog
Uskayaw
Xom
The Shining One


Message History

The scorpion is severely wounded.
* * * LOW HITPOINT WARNING * * *
You feel sick. The scorpion barely misses you.
You hit the scorpion.
The scorpion is almost dead.
* * * LOW HITPOINT WARNING * * *
You feel sick. The scorpion closely misses you.
You hit the scorpion but do no damage.
The scorpion is almost dead.
* * * LOW HITPOINT WARNING * * *
You feel sick. The scorpion stings you.
* * * LOW HITPOINT WARNING * * *
You are more poisoned.
The scorpion poisons you!
A quokka comes into view.
* * * LOW HITPOINT WARNING * * *
You feel sick.
* * * LOW HITPOINT WARNING * * *
You feel sick.
You die...

#..)..##########
#.........#....#
#.....###.#.##.# ....###'##
#.#.##.#
#.#.###.####.#(##.#
.....>...W##......######
.##.....#.####..........
########s#....######### #
#...r.@..#.##.#........
##.#.########.#..#........
.....#..#.......#........
.#..#..#..#.#.##..#........
..............<...#........
.......####....##.#........
.##....#.......#..'.†......
.......#.#####.#..#........
###....#.# ##.#..#########


You could see a scorpion and a quokka.

Vanquished Creatures
  A hound (D:4)
  An iguana (D:4)
  A hound skeleton (D:4)
  An adder (D:2)
  2 oozes (D:2)
  2 worms
  A dart slug (D:2)
  3 leopard geckos
  An orc (D:3)
  5 giant cockroaches
  11 goblins
  9 hobgoblins
  2 jackals (D:4)
  8 kobolds
  A quokka (D:3)
  2 ball pythons
  13 bats
  5 frilled lizards
  A jackal skeleton (D:3)
  10 rats
80 creatures vanquished.

Notes
Turn   | Place    | Note
-------+----------+-------------------------------------------
     0 | D:1      | Expote the Hill Orc Monk began the quest for the Orb.
     0 | D:1      | Reached XP level 1. HP: 19/19 MP: 1/1
   178 | D:1      | Reached XP level 2. HP: 22/27 MP: 2/2
   566 | D:1      | Reached XP level 3. HP: 33/33 MP: 3/3
  1487 | D:2      | Reached XP level 4. HP: 30/40 MP: 4/4
  1662 | D:2      | Reached skill level 5 in Axes
  1662 | D:2      | Reached skill level 1 in Armour
  2129 | D:2      | Found a sparkling altar of Nemelex Xobeh.
  2294 | D:2      | Found a bloodstained altar of Trog.
  2535 | D:2      | Found a shimmering altar of Xom.
  2672 | D:3      | Found a glowing golden altar of the Shining One.
  2998 | D:3      | Found a hide-covered altar of Uskayaw.
  3723 | D:3      | Got a twisted ring mail
  3914 | D:4      | Reached XP level 5. HP: 45/47 MP: 5/5
  4167 | D:4      | Noticed a phantom
  4218 | D:4      | HP: 2/47 [scorpion (3)]
  4221 | D:4      | Succumbed to a scorpion's poison

Illustrated notes

Levels and vault maps discovered:
D:1:      dpeg_arrival_subterranean_lakeside_camping, layout_loops_corners
D:2:      minmay_spotlight, layout_loops_ring, marbit_many_paths,
          overflow_temple_1_default, tgw_xom
D:3:      layout_basic, tso_metal_star, lemuel_coloured_pillars_altar,
          roderic_lattice_a, minivault_5
D:4:      layout_basic, minivault_25

Skill      XL: |  1  2  3  4  5 |
---------------+----------------+-----
Fighting       | 4 |  4.4
Axes           | 5 |  5.7
Armour         | 1 2 |  2.1
Dodging        | 3 |  3.0
Stealth        | 2 |  2.1

Action                   |  1- 3 |  4- 6 || total
-------------------------+-------+-------++-------
Melee: Hand axe          |   146 |   152 ||   298
 Stab: Sleeping          |     4 |     1 ||     5
Armor: Robe              |    12 |       ||    12
       Ring mail         |    45 |    18 ||    63
       Chain mail        |       |    38 ||    38
Dodge: Dodged            |    90 |    47 ||   137

Table legend: (Time is in decaauts)
 A = Elapsed time spent in this place.
 B = Non-inter-level travel time spent in this place.
 C = Inter-level travel time spent in this place.
 D = Time resting spent in this place.
 E = Time spent auto-exploring this place.
 F = Levels seen in this place.
 G = Mean time per level.
                   A        B        C        D        E       F      G
               +--------+--------+--------+--------+--------+-----+--------+
         Total |   4242 |   3958 |    284 |    266 |   2756 |   4 | 1060.5 |
       Dungeon |   4242 |   3958 |    284 |    266 |   2756 |   4 | 1060.5 |
               +--------+--------+--------+--------+--------+-----+--------+

Top non-repeatable levels by time:
     D:1: 1347 daAuts
     D:2: 1299 daAuts
     D:3: 1178 daAuts
     D:4: 416 daAuts
